 Dungeon Crawl Stone Soup version 0.26.1-11-gd32895ea62 (webtiles) character file.

Game seed: 702091556513666617

487 Descartes the Ruffian (level 6, -11/57 (62) HPs)
             Began as a Troll Chaos Knight on June 11, 2021.
             Was a Plaything of Xom.
             Mangled by a wight
             ... wielding a +0 halberd
              (14 damage)
             ... on level 5 of the Dungeon.
             The game lasted 00:06:14 (2821 turns).

Descartes the Ruffian (Troll Chaos Knight)          Turns: 2821, Time: 00:06:15

HP:   -11/57 (62)   AC:  8    Str: 20    XL:     6   Next: 89%
MP:   5/5           EV: 11    Int:  6    God:    Xom [*.....]
Gold: 154           SH:  0    Dex: 10    Spells: 5/5 levels left

rFire    . . .     SeeInvis .     - Unarmed
rCold    . . .     Faith    .   (no shield)
rNeg     . . .     Spirit   .   a - +2 robe
rPois    .         Reflect  .   (helmet restricted)
rElec    .         Harm     .   (no cloak)
rCorr    .         Rampage  .   (gloves unavailable)
Will     .....                  (boots unavailable)
Stlth    +.........             (no amulet)
HPRegen  0.59/turn              (no ring)
MPRegen  0.09/turn              (no ring)

@: confused, drained
A: large, unfitting armour, claws 3, dopey 1, regeneration 1, shaggy fur 1,
tough skin 3, weak 1
a: Renounce Religion


You were on level 5 of the Dungeon.
You worshipped Xom.
You were a special plaything of Xom.
You visited 1 branch of the dungeon, and saw 5 of its levels.

You collected 154 gold pieces.

Inventory:

Hand Weapons
 j - a +3 falchion of chaos
Missiles
 d - 78 stones (quivered)
 g - 49 poisoned darts
 r - 2 boomerangs
Armour
 a - a +2 robe (worn)
Scrolls
 b - 3 scrolls of remove curse {unknown}
 c - a scroll of enchant armour {unknown}
 h - 4 scrolls of identify {unknown}
 i - a scroll of magic mapping {unknown}
 m - a scroll of blinking {unknown}
 n - a scroll of teleportation {unknown}
 o - a scroll of enchant weapon {unknown}
 q - 2 scrolls of immolation {unknown}
 s - a scroll of amnesia {unknown}
Potions
 e - 5 potions of curing {unknown}
 f - a potion of berserk rage {unknown}
 k - a potion of magic {unknown}
 l - a potion of attraction {unknown}
 p - 2 potions of might {unknown}
 t - 2 potions of haste {unknown}


   Skills:
 + Level 3.9 Fighting
 + Level 3.0 Throwing
 + Level 3.5 Dodging
 + Level 4.6 Unarmed Combat


You had 5 spell levels left.
You didn't know any spells.
Your spell library was empty.

Dungeon Overview and Level Annotations

Branches:
Dungeon (5/15)
 Temple: D:4-7

Altars:
Dithmenos
Fedhas
Sif Muna
Xom
Zin

Annotations:
D:4 Dowan, Duvessa


Innate Abilities, Weirdness & Mutations

You are too large for most types of armour.
You have claws for hands.
Your natural rate of healing is unusually fast.
You are covered in fur. (AC +1)
You have extremely tough skin. (AC +3)
You are dopey. (Int -2)
You are weak. (Str -2)


Message History

You claw the giant cockroach!
You kill the giant cockroach!
The wight hits you from afar with a +0 halberd!
* * * LOW HITPOINT WARNING * * *
"Heh heh heh..."
You are confused.
The wight looks rather confused.
The wight hits you but does no damage.
You bump into the rock wall.
The wight hits you from afar with a +0 halberd!
* * * LOW HITPOINT WARNING * * *
You feel drained.
* * * LOW HITPOINT WARNING * * *
Xom is mildly amused.
A worker ant comes into view.
Unknown command.
The wight closely misses you.
The wight hits you from afar with a +0 halberd!
You die...
Xom titters!

#...P≈♣≈♣≈PP #..#.≈P≈≈≈..
## #..#...P..# #.
#..#....... #..
###........#
#...##<##.#..##.# ########
#...#...#.......###.......
##.....?.)##..............)
..........@#..z..##........
.....B)......#.#...........
..........z###.#.##........
##.....w..## #z#.##........
#........## #....z........
........## ###.##########
.......## #..# .#...#.
######.## ##.##. #......#


You could see a worm, a worker ant and a wight.

Vanquished Creatures
  An ogre (D:4)
  3 wights (D:5)
  3 orc wizards
  An iguana (D:4)
  2 worker ants (D:4)
  5 adders
  2 worms (D:2)
  A dart slug (D:2)
  2 leopard geckos (D:1)
  7 orcs
  6 bats
  2 giant cockroaches
  11 goblins (D:2)
  5 hobgoblins
  7 jackals (D:2)
  5 kobolds
  2 quokkas
  3 frilled lizards
  5 rats
73 creatures vanquished.

Vanquished Creatures (others)
  6 plants (D:5)
6 creatures vanquished.

Grand Total: 79 creatures vanquished

Notes
Turn   | Place    | Note
-------+----------+-------------------------------------------
     0 | D:1      | Descartes the Troll Chaos Knight began the quest for the
                  | Orb.
     0 | D:1      | Reached XP level 1. HP: 22/22 MP: 0/0
   300 | D:1      | XOM: 1-stop teleportation journey
   384 | D:1      | Reached XP level 2. HP: 29/29 MP: 1/1
   447 | D:1      | XOM: 1-stop teleportation journey
   563 | D:1      | XOM: 5-stop teleportation journey
  1018 | D:2      | XOM: chaos upgrade
  1021 | D:2      | Reached skill level 1 in Throwing
  1021 | D:2      | Reached XP level 3. HP: 5/36 MP: 0/2
  1155 | D:2      | Found a shimmering blue altar of Sif Muna.
  1220 | D:2      | Reached XP level 4. HP: 42/44 MP: 3/3
  1689 | D:2      | XOM: summons 3 hostile demons
  1690 | D:2      | Noticed a ynoxinul
  1814 | D:2      | Found a shadowy altar of Dithmenos.
  1815 | D:2      | Found a glowing silver altar of Zin.
  1830 | D:2      | Found a blossoming altar of Fedhas.
  2058 | D:3      | Found a faded altar of an unknown god.
  2082 | D:3      | Found a shimmering altar of Xom.
  2170 | D:3      | XOM: 5-stop teleportation journey
  2173 | D:3      | XOM: silly message
  2183 | D:3      | Reached XP level 5. HP: 42/53 MP: 4/4
  2531 | D:4      | Reached skill level 4 in Unarmed Combat
  2548 | D:4      | XOM: 1-stop teleportation journey
  2549 | D:4      | Noticed an ogre
  2556 | D:4      | Killed an ogre
  2557 | D:4      | Reached XP level 6. HP: 37/61 MP: 5/5
  2596 | D:4      | Noticed Duvessa
  2598 | D:4      | Noticed Dowan
  2608 | D:4      | XOM: fog
  2622 | D:5      | Entered Level 5 of the Dungeon
  2722 | D:5      | XOM: give mutations
  2722 | D:5      | Gained mutation: You are weak. (Str -2) [Xom's mischief]
  2722 | D:5      | Gained mutation: You are dopey. (Int -2) [Xom's mischief]
  2792 | D:5      | XOM: potion effect (curing)
  2805 | D:5      | XOM: enchant monster (good)
  2810 | D:5      | XOM: noise
  2815 | D:5      | XOM: confusion (+ monsters)
  2817 | D:5      | HP: 1/57 [wight/+0 halberd (4)]
  2821 | D:5      | Mangled by a wight

Illustrated notes

Levels and vault maps discovered:
D:1:      mainiacjoe_arrival_reflecting_pool, layout_basic
D:2:      kennysheep_the_goblin_king, layout_loops_ring, minitemple,
          lemuel_blue_sif_altar
D:3:      layout_rooms, old_standard_altar, chequers_ecumenical_altar_twisty,
          minmay_crystal_water
D:4:      minmay_clustersquares, layout_basic, nicolae_overflow_crystal_walls,
          uniq_duvessa, uniq_eustachio
D:5:      layout_loops_cross, minmay_misc_feat_encased, serial_bayou_pond_c,
          uniq_prince_ribbit1

Skill      XL: |  1  2  3  4  5  6 |
---------------+-------------------+-----
Dodging        | 2 3 |  3.5
Throwing       | 1 2 3 |  3.0
Fighting       | 3 |  3.9
Unarmed Combat | 4 |  4.6

Action                   |  1- 3 |  4- 6 || total
-------------------------+-------+-------++-------
Melee: Unarmed           |    64 |   177 ||   241
 Stab: Sleeping          |     1 |       ||     1
Armor: Robe              |    24 |    88 ||   112
Dodge: Dodged            |    36 |   132 ||   168
